 Dungeon Crawl Stone Soup version 0.28-a0-535-g6f645e4c1d (webtiles) character file.

Game seed: 5997901523063992782

43061 kipponium the Fencer (level 14, -1/109 HPs)
             Began as a Formicid Hunter on Sept 26, 2021.
             Was the Champion of Okawaru.
             Slain by a skeletal warrior (9 damage)
             ... led by a skeletal warrior
             ... on level 14 of the Dungeon.
             The game lasted 01:29:33 (21257 turns).

kipponium the Fencer (Formicid Hunter)             Turns: 21257, Time: 01:29:33

Health: -1/109     AC: 33    Str: 20    XL:     14   Next: 58%
Magic:  16/16      EV:  9    Int: 10    God:    Okawaru [******]
Gold:   1123       SH:  4    Dex: 11    Spells: 13/13 levels left

rFire   + . .      SeeInvis +   p - +11 plutonium sword {Contam Stlth-}
rCold   + . .      Faith    .   r - +0 buckler of Fitaabec {Will+ Stlth+}
rNeg    . . .      Spirit   .   i - +5 plate armour {rF+}
rPois   .          Reflect  .   (helmet unavailable)
rElec   .          Harm     .   D - +2 cloak
rCorr   .          Rampage  .   m - +2 pair of gloves {Stlth+}
Will    ++++.                   E - +0 pair of boots
Stlth   ..........              e - necklace of Bloodlust {*Rage Will++ Int-3 Slay+6}
HPRegen 0.28/turn               v - ring of protection from cold
MPRegen 0.15/turn               g - +4 ring of protection

@: no status effects
A: permanent stasis, dig shafts and tunnels, antennae 3, four strong arms
a: Dig, Shaft Self, Renounce Religion, Heroism, Finesse, Duel


You were on level 14 of the Dungeon.
You worshipped Okawaru.
Okawaru was exalted by your worship.
You visited 3 branches of the dungeon, and saw 17 of its levels.
You also visited: Sewer and Bailey.

You collected 1361 gold pieces.
You spent 238 gold pieces at shops.

Inventory:

Hand Weapons
 p - the +11 plutonium sword (weapon) {Contam Stlth-}
   (Okawaru gifted it to you on level 13 of the Dungeon)

   It occasionally inflicts wild transmutation effects on those it strikes,
   inflicting malmutation or extra damage, or polymorphing them into a new form.
   Contam:    It causes magical contamination when unequipped.
   Stlth:     It makes you less stealthy.
 C - the +11 hand crossbow of the Endless Expanse {flame, rElec rPois rC- Int+4}
   (Okawaru gifted it to you on level 13 of the Dungeon)

   Any ammunition fired from it burns those it strikes, dealing additional fire
   damage.
   Int:       It affects your intelligence (+4).
   rC:        It makes you vulnerable to cold.
   rElec:     It insulates you from electricity.
   rPois:     It protects you from poison.
 F - a +0 arbalest
 H - a +5 long sword
Missiles
 d - 253 bolts
 h - a curare-tipped dart
 j - 49 poisoned darts
Armour
 i - a +5 plate armour of fire resistance (worn)
 m - a +2 pair of gloves of stealth (worn)
 r - the +0 buckler of Fitaabec (worn) {Will+ Stlth+}
   (You bought it in a shop on level 7 of the Dungeon)

   Will:      It increases your willpower.
   Stlth:     It makes you more stealthy.
 D - a +2 cloak (worn)
 E - a +0 pair of boots (worn)
Jewellery
 e - the necklace of Bloodlust (around neck) {*Rage Will++ Int-3 Slay+6}
   (You found it in a bailey)

   [amulet of nothing]

   It extends the wearer's berserk rage when killing foes.
   Int:       It affects your intelligence (-3).
   Slay:      It affects your accuracy & damage with ranged weapons and melee
   (+6).
   *Rage:     It lets you go berserk by making a melee attack (+50% chance).
   Will:      It greatly increases your willpower.
 g - a +4 ring of protection (right hand)
 v - a ring of protection from cold (left hand)
 I - a ring of protection from cold
 L - an amulet of reflection
Wands
 a - a wand of flame (25)
 b - a wand of paralysis (4)
 y - a wand of iceblast (7) (quivered)
Scrolls
 c - a scroll of brand weapon {unknown}
 f - 4 scrolls of immolation
 l - a scroll of magic mapping {unknown}
 z - 2 scrolls of amnesia
 G - 2 scrolls of blinking {unknown}
 K - a scroll of torment {unknown}
 M - a scroll of identify
Potions
 k - 2 potions of curing
 n - a potion of resistance
 o - 3 potions of cancellation {unknown}
 q - 3 potions of might
 s - 2 potions of attraction
 u - 3 potions of brilliance
 w - 3 potions of heal wounds {unknown}
 x - a potion of magic
 A - 2 potions of degeneration {unknown}
 B - 3 potions of ambrosia {unknown}
 J - a potion of lignification {unknown}
Miscellaneous
 t - a phial of floods (inert)


   Skills:
 - Level 9.8 Fighting
 * Level 16.2 Long Blades
 - Level 8.1 Crossbows
 - Level 12.3 Armour
 - Level 7.7 Dodging
 - Level 1.2 Stealth
 - Level 2.4 Shields
 - Level 2.6 Invocations
 - Level 2.3 Evocations


You had 13 spell levels left.
You didn't know any spells.
Your spell library contained the following spells:

 Spells                   Type           Power      Damage    Failure   Level
 Fulminant Prism          Conj/Hex       0%         3d6       100%        4
 Iskenderun's Mystic Bla  Conj/Tloc      0%         2d3       100%        4
 Passage of Golubria      Tloc           N/A        N/A       100%        4
 Lee's Rapid Deconstruct  Erth           0%         3d5*      100%        5
 Manifold Assault         Tloc           0%         N/A       100%        5
 Silence                  Hex/Air        0%         N/A       100%        5
 Storm Form               Tmut/Air       0%         N/A       100%        7
 Lehudib's Crystal Spear  Conj/Erth      0%         10d2      100%        8
 Blink                    Tloc           Unusable   N/A       N/A         2

Dungeon Overview and Level Annotations

Branches:
Dungeon (14/15)            Temple (1/1) D:6            Lair (0/6) D:11
    Orc (2/2) D:10          Sewer (visited)          Bailey (visited)
    Elf: Orc:2       Vaults: D:13-14

Altars:
Dithmenos
Elyvilon
Fedhas
Gozag
Makhleb
Okawaru
Qazlal
Ru
Vehumet
Zin

Shops:
D:7 [

Annotations:
D:8 exclusions: obsidian statue and orange crystal statue
D:10 2 transporters
D:11 3 runed translucent doors, Gwenloh's ghost, journeyman HOFi


Innate Abilities, Weirdness & Mutations

You cannot be hasted, slowed, berserked, paralysed or teleported.
You can dig through walls and to a lower floor.
You have a pair of large antennae on your head. (SInv)
Your four strong arms can wield two-handed weapons with a shield.


Message History

The skeletal warrior is almost destroyed.
The skeletal warrior hits you with a +0 glaive!
You are too injured to fight recklessly!
You are too injured to fight recklessly!
You are too injured to fight recklessly!
You are too injured to fight recklessly!
You slice the skeletal warrior!!
The skeletal warrior is heavily damaged.
A skeletal warrior comes into view. It is wielding a +0 scimitar.
The skeletal warrior hits you from afar with a +0 glaive!
The skeletal warrior hits you but does no damage.
The skeletal warrior completely misses you.
You hit the skeletal warrior but do no damage.
The skeletal warrior is severely damaged.
The skeletal warrior hits you but does no damage. x2
You barely miss the skeletal warrior.
The skeletal warrior is severely damaged.
The skeletal warrior hits you but does no damage.
You block the skeletal warrior's attack.
You slice the skeletal warrior!!
You destroy the skeletal warrior!
Okawaru accepts your kill. Okawaru grants you ammunition!
Something appears at your feet!
The skeletal warrior hits you with a +0 war axe!
* * * LOW HITPOINT WARNING * * *
You are too injured to fight recklessly!
You are too injured to fight recklessly!
You closely miss the skeletal warrior.
The skeletal warrior hits you with a +0 scimitar!
* * * LOW HITPOINT WARNING * * *
The skeletal warrior hits you but does no damage.
You closely miss the skeletal warrior.
The skeletal warrior hits you but does no damage.
The skeletal warrior closely misses you.
You closely miss the skeletal warrior.
The skeletal warrior hits you with a +0 war axe!
* * * LOW HITPOINT WARNING * * *
The skeletal warrior hits you with a +0 scimitar!
You die...

........ #.#
.^#.....#####.#
............#.##
............#...
............... ........
....# ######## ........
##..# #......#
..........#...###z.....#
..............)z@......#
.#....[..##..####......#
.####... #..# #......#
... .. #..# #......#
.... ..##..####......#
.#.## #.{{^........#####
..................##
...>..............#
.................##


You could see 2 skeletal warriors.

Vanquished Creatures
  A fire dragon (D:13)
  2 hydras
  2 boulder beetles (D:12)
  A rakshasa (D:14)
  A death knight (D:13)
  3 centaur warriors
  5 two-headed ogres
  Nergalle (D:12)
  7 skeletal warriors
  A flayed ghost (D:13)
  Pikel (D:8)
  2 orc knights
  3 deep elf pyromancers
  An orc sorcerer (Orc:1)
  4 ugly things
  3 manticores
  A cyclops (D:12)
  A water nymph (D:13)
  2 gargoyles
  An efreet (D:13)
  A kobold demonologist (D:12)
  An unseen horror (D:12)
  A freezing wraith (D:13)
  8 trolls
  3 meliai (D:13)
  A hornet (D:10)
  11 slime creatures
  A vampire (D:14)
  20 yaks
  2 shadows
  3 wraiths
  A wyvern (D:9)
  2 steam dragons
  A basilisk (D:14)
  2 vampire mosquitoes (D:11)
  Grum (D:8)
  Menkaure (D:7)
  2 acid dragons (D:9)
  2 water moccasins (D:11)
  11 orc warriors
  2 black bears
  An ice beast (D:6)
  2 wolves (D:8)
  3 centaurs
  5 ogres
  3 phantoms
  6 kobold brigands
  5 bullfrogs
  A wyvern zombie (D:8)
  4 gnoll sergeants
  A wyvern skeleton (D:7)
  2 scorpions
  A water moccasin skeleton (D:6)
  3 killer bees (D:8)
  3 howler monkeys
  4 wights (D:8)
  An electric eel (D:7)
  6 centaur zombies
  3 hounds
  3 jellies
  A centaur skeleton (D:7)
  3 orc priests
  A gnoll shaman (D:6)
  3 iguanas
  8 orc wizards
  3 howler monkey zombies
  20 gnolls
  A howler monkey skeleton (D:7)
  9 adders
  A river rat (Sewer)
  A shadow imp (D:5)
  An adder skeleton (D:4)
  2 worms
  A dart slug (D:2)
  41 orcs
  2 bats
  11 endoplasms
  7 giant cockroaches
  17 goblins
  7 hobgoblins
  4 jackals (D:3)
  7 quokkas
  8 ball pythons
  3 frilled lizards
  28 kobolds
  10 rats
377 creatures vanquished.

Vanquished Creatures (others)
  35 fungi (D:11)
  32 plants (D:11)
67 creatures vanquished.

Grand Total: 444 creatures vanquished

Notes
Turn   | Place    | Note
-------+----------+-------------------------------------------
     0 | D:1      | kipponium the Formicid Hunter began the quest for the Orb.
     0 | D:1      | Reached XP level 1. HP: 16/16 MP: 1/1
    75 | D:1      | Reached skill level 1 in Long Blades
    86 | D:1      | Reached XP level 2. HP: 13/22 MP: 2/2
   410 | D:1      | Reached skill level 2 in Long Blades
   788 | D:1      | Reached XP level 3. HP: 23/27 MP: 3/3
  1299 | D:2      | Reached skill level 3 in Long Blades
  1833 | D:2      | Reached XP level 4. HP: 31/33 MP: 4/4
  2610 | D:2      | Reached skill level 4 in Long Blades
  3023 | D:2      | Reached XP level 5. HP: 38/38 MP: 5/5
  3701 | D:3      | Reached skill level 5 in Long Blades
  3974 | D:4      | Reached XP level 6. HP: 38/44 MP: 6/6
  4023 | D:4      | Found a shadowy altar of Dithmenos.
  5066 | D:4      | Reached skill level 6 in Long Blades
  5519 | D:4      | Reached XP level 7. HP: 44/50 MP: 7/7
  5630 | D:5      | Entered Level 5 of the Dungeon
  5831 | D:5      | Identified a scroll of acquirement
  5831 | D:5      | Acquired a +4 ring of protection
  5983 | D:5      | Reached skill level 7 in Long Blades
  6040 | D:5      | Found a glowing drain.
  6069 | Sewer    | Entered a sewer
  6524 | Sewer    | Reached skill level 8 in Long Blades
  6983 | Sewer    | Reached XP level 8. HP: 56/56 MP: 8/8
  7630 | D:5      | Reached skill level 9 in Long Blades
  8938 | D:6      | Found a staircase to the Ecumenical Temple.
  8945 | Temple   | Entered the Ecumenical Temple
  8954 | Temple   | Became a worshipper of Warmaster Okawaru
  8996 | D:6      | Reached skill level 10 in Long Blades
  9231 | D:6      | Reached XP level 9. HP: 61/61 MP: 9/9
  9440 | D:7      | Acquired a +4 plate armour of fire resistance
  9538 | D:7      | Noticed Menkaure
  9543 | D:7      | Killed Menkaure
  9544 | D:7      | Reached skill level 11 in Long Blades
  9570 | D:7      | Found a sacrificial altar of Ru.
  9711 | D:7      | Found Rafrent's Armour Shop.
  9714 | D:7      | Bought the +0 buckler of Fitaabec {Will+ Stlth+} for 238
                  | gold pieces
  9744 | D:7      | Reached * piety under Okawaru
 10768 | D:8      | Noticed an orange crystal statue
 10911 | D:8      | Noticed Pikel
 10920 | D:8      | Killed Pikel
 10921 | D:8      | Reached skill level 12 in Long Blades
 11004 | D:8      | Found a burning altar of Makhleb.
 11066 | D:8      | Reached ** piety under Okawaru
 11073 | D:8      | Found a blossoming altar of Fedhas.
 11095 | D:8      | Reached XP level 10. HP: 49/67 MP: 10/10
 11304 | D:8      | Found a stormy altar of Qazlal.
 11304 | D:8      | Noticed Grum
 11313 | D:8      | Killed Grum
 11314 | D:8      | Reached skill level 13 in Long Blades
 11960 | D:8      | Noticed an obsidian statue
 12004 | D:8      | Noticed a two-headed ogre
 12033 | D:8      | Killed a two-headed ogre
 12033 | D:8      | Reached *** piety under Okawaru
 12034 | D:8      | Reached skill level 14 in Long Blades
 12518 | D:9      | Reached skill level 1 in Armour
 12685 | D:9      | Found a flagged portal.
 12711 | Bailey   | Entered a bailey
 12764 | Bailey   | Found the necklace of Bloodlust {*Rage Will++ Int-3 Slay+6}
 12804 | Bailey   | Noticed an orc knight
 12820 | Bailey   | Killed an orc knight
 12820 | Bailey   | Reached **** piety under Okawaru
 12822 | Bailey   | Found a bloodstained altar of Trog.
 13421 | D:10     | Entered Level 10 of the Dungeon
 13429 | D:10     | Reached XP level 11. HP: 76/76 MP: 11/11
 13435 | D:10     | Reached skill level 5 in Fighting
 13435 | D:10     | Reached skill level 5 in Dodging
 13435 | D:10     | Reached XP level 12. HP: 86/86 MP: 12/12
 13488 | D:10     | Found a glowing silver altar of Zin.
 13492 | D:10     | Found a white marble altar of Elyvilon.
 13546 | D:10     | Found a staircase to the Orcish Mines.
 13570 | D:10     | Received a gift from Okawaru
 13868 | D:10     | Found a radiant altar of Vehumet.
 13870 | D:10     | Noticed a stone giant
 13880 | D:10     | Found a transporter.
 13889 | D:10     | Found a transporter.
 13891 | D:10     | Noticed a two-headed ogre
 13895 | D:10     | Killed a two-headed ogre
 14416 | D:10     | Reached ***** piety under Okawaru
 14541 | D:11     | Noticed a two-headed ogre
 14648 | Orc:1    | Entered Level 1 of the Orcish Mines
 15426 | Orc:2    | Entered Level 2 of the Orcish Mines
 15835 | D:11     | Killed a two-headed ogre
 15835 | D:11     | Received a gift from Okawaru
 16069 | D:11     | Reached skill level 10 in Armour
 16079 | D:11     | Reached XP level 13. HP: 82/98 MP: 13/13
 16108 | D:11     | Received a gift from Okawaru
 16483 | D:11     | Received a gift from Okawaru
 16517 | D:11     | Found a staircase to the Lair.
 16692 | D:11     | Noticed a centaur warrior
 16707 | D:11     | Killed a centaur warrior
 16731 | D:11     | Found an opulent altar of Gozag.
 16871 | D:11     | Found a runed translucent gate.
 16871 | D:11     | Found a runed translucent gate.
 16871 | D:11     | Found a runed translucent gate.
 16872 | D:11     | Noticed Gwenloh's ghost (journeyman HOFi)
 16913 | D:12     | Noticed Nergalle
 16925 | D:12     | Killed Nergalle
 17125 | D:12     | Noticed a six-headed hydra
 17133 | D:12     | Killed a six-headed hydra
 17234 | D:12     | Reached skill level 1 in Invocations
 17234 | D:12     | Reached skill level 1 in Evocations
 17610 | D:12     | Noticed a boulder beetle
 17621 | D:12     | Killed a boulder beetle
 17633 | D:12     | Noticed a boulder beetle
 17662 | D:12     | Killed a boulder beetle
 18234 | D:12     | Reached ****** piety under Okawaru
 18726 | D:13     | Received a gift from Okawaru
 18726 | D:13     | Found the +11 plutonium sword {Contam Stlth-}
 19021 | D:13     | Reached XP level 14. HP: 109/109 MP: 16/16
 19746 | D:13     | Identified the +11 hand crossbow of the Endless Expanse
                  | {flame, rElec rPois rC- Int+4} (Okawaru gifted it to you on
                  | level 13 of the Dungeon)
 19746 | D:13     | Received a gift from Okawaru
 19747 | D:13     | Reached skill level 15 in Long Blades
 21063 | D:14     | Reached skill level 16 in Long Blades
 21254 | D:14     | Received a gift from Okawaru
 21257 | D:14     | Slain by a skeletal warrior

Illustrated notes

Levels and vault maps discovered:
D:1:      minmay_arrival_open_corners, layout_loops_ring
D:2:      minmay_chambers_of_twos, layout_basic
D:3:      layout_rooms
D:4:      layout_basic, mainiacjoe_overflow_24_doors, kennysheep_flooded_box
D:5:      layout_basic, portal_sewer_entry_f
D:6:      layout_loops_ring, minmay_temple_entry_junction
D:7:      layout_cave_pods, nicolae_ru_sacrificial_ziggurat, serial_shops,
          shop_statue, grunt_ministairs_10, nicolae_water_bricks, uniq_menkaure
D:8:      minmay_separated_statues, layout_basic,
          mainiacjoe_overflow_catch_the_wave,
          mainiacjoe_overflow_surrounded_room, serial_rivers,
          chequers_serial_rivers_small_3, chequers_serial_rivers_small_b,
          chequers_serial_rivers_small_3, chequers_serial_rivers_room_b,
          chequers_serial_rivers_micro_c, uniq_pikel, uniq_grum
D:9:      layout_long_grid, enter_bailey_5
D:10:     layout_roguey, gammafunk_temple_overflow_arena,
          mainiacjoe_overflow_catwalk_spiral,
          kennysheep_orc_monster_closet_entryway
D:11:     layout_loops_cross, due_lair_maze_entry_diamond,
          ebering_ghost_rock_garden, grunt_gozag_statues
D:12:     layout_loops_corners, st_stairs_2, uniq_nergalle
D:13:     layout_layer_cave, minivault_20, kennysheep_pointless_box,
          kennysheep_four_rooms
D:14:     layout_rooms, david_vaults_4
Temple:   minmay_temple_curvy_branch
Orc:1:    layout_caves, basic_altar, serial_shops,
          nicolae_shop_temple_entry_statues_fountains
Orc:2:    st_orc_town, layout_caves

Skill      XL: |  1  2  3  4  5  6  7  8  9 10 11 12 13 14 |
---------------+-------------------------------------------+-----
Long Blades    | 1 2 3 4 5 6 8 10 12 14 16 | 16.2
Shields        | 2 |  2.4
Dodging        | 3 5 7 |  7.7
Armour         | 3 6 10 12 | 12.3
Fighting       | 3 5 7 9 |  9.8
Crossbows      | 7 8 |  8.1
Invocations    | 2 |  2.6
Evocations     | 2 |  2.3
Stealth        | |  1.2

Action                   |  1- 3 |  4- 6 |  7- 9 | 10-12 | 13-15 || total
-------------------------+-------+-------+-------+-------+-------++-------
Melee: Long sword        |   103 |   192 |   423 |   453 |   267 ||  1438
       Triple sword      |       |       |       |       |   150 ||   150
 Fire: Hand crossbow     |       |     5 |    21 |    34 |       ||    60
       Arbalest          |       |       |       |     5 |    19 ||    24
Throw: Dart              |       |    31 |    20 |     2 |       ||    53
Invok: Heroism           |       |       |       |     5 |     3 ||     8
 Abil: Dig               |       |       |     1 |     3 |     1 ||     5
Evoke: Wand              |       |     4 |     4 |    10 |     5 ||    23
       Phial of floods   |       |       |       |     1 |     1 ||     2
  Use: Potion            |     1 |       |     2 |     3 |     3 ||     9
       Scroll            |       |       |    12 |     9 |     4 ||    25
 Stab: Sleeping          |       |     2 |       |       |       ||     2
       Paralysed         |       |     2 |    10 |     5 |     7 ||    24
Armor: Leather armour    |    29 |     3 |       |       |       ||    32
       Ring mail         |       |    62 |    61 |       |       ||   123
       Chain mail        |       |       |    92 |       |       ||    92
       Plate armour      |       |       |    74 |   290 |   262 ||   626
Dodge: Dodged            |    57 |   110 |   124 |   151 |   129 ||   571
Block: Buckler           |       |       |     5 |    82 |    65 ||   152

Table legend: (Time is in decaauts)
 A = Elapsed time spent in this place.
 B = Non-inter-level travel time spent in this place.
 C = Inter-level travel time spent in this place.
 D = Time resting spent in this place.
 E = Time spent auto-exploring this place.
 F = Levels seen in this place.
 G = Mean time per level.
                   A        B        C        D        E       F      G
               +--------+--------+--------+--------+--------+-----+--------+
         Total |  21232 |  20493 |    739 |   5812 |   8957 |  19 | 1117.5 |
       Dungeon |  19516 |  18787 |    729 |   5349 |   8789 |  14 | 1394.0 |
        Temple |     17 |     17 |      0 |      0 |      0 |   1 |   17.0 |
  Orcish Mines |    393 |    383 |     10 |      0 |    139 |   2 |  196.5 |
         Sewer |   1027 |   1027 |      0 |    463 |     28 |   1 | 1027.0 |
        Bailey |    277 |    277 |      0 |      0 |      0 |   1 |  277.0 |
               +--------+--------+--------+--------+--------+-----+--------+

Top non-repeatable levels by time:
     D:4: 2054 daAuts
    D:12: 2029 daAuts
    D:10: 1893 daAuts
    D:13: 1892 daAuts
     D:2: 1843 daAuts
     D:8: 1796 daAuts
     D:1: 1416 daAuts
     D:7: 1300 daAuts
     D:5: 1247 daAuts
    D:11: 1087 daAuts
     D:6: 1054 daAuts
   Sewer: 1027 daAuts
     D:3: 876 daAuts
     D:9: 639 daAuts
    D:14: 384 daAuts
